 Dungeon Crawl Stone Soup version 0.24.1-4-ge52af88ad5 (webtiles) character file.

Game seed: 8813587612519083506, levelgen mode: deterministic

4736 gruber the Cleaver (level 10, -2/80 HPs)
             Began as a Formicid Fighter on Apr 13, 2020.
             Was a Believer of Fedhas.
             Hit by a large rock thrown by a cyclops (25 damage)
             ... on level 9 of the Dungeon.
             The game lasted 00:16:15 (9624 turns).

gruber the Cleaver (Formicid Fighter)               Turns: 9624, Time: 00:16:16

Health: -2/80      AC:  9    Str: 22    XL:     10   Next: 74%
Magic:  15/15      EV:  8    Int:  8    God:    Fedhas [**....]
Gold:   675        SH:  9    Dex: 12    Spells: 9/9 levels left

rFire    + . .     SeeInvis +   I - +6 war axe of the Brain {freeze, rF+}
rCold    + + .     Gourm    +   c - +0 shield
rNeg     . . .     Faith    .   J - +3 ring mail {rC+}
rPois    .         Spirit   .   (helmet unavailable)
rElec    .         Reflect  .   D - +0 cloak
rCorr    .         Harm     .   (no gloves)
MR       +....                  (no boots)
Stlth    +.........             q - amulet of the gourmand
HPRegen  0.23/turn              p - ring of protection from cold
MPRegen  0.14/turn              (no ring)

@: no status effects
A: permanent stasis, dig shafts and tunnels, four strong arms, antennae 3
a: Dig, Shaft Self, Wall of Briars, Renounce Religion


You were on level 9 of the Dungeon.
You worshipped Fedhas.
Fedhas was pleased with you.
You were completely stuffed.

You visited 2 branches of the dungeon, and saw 10 of its levels.

You collected 711 gold pieces.
You spent 36 gold pieces at shops.

Inventory:

Hand Weapons
 a - a +0 quarterstaff
 I - the +6 war axe of the Brain (weapon) {freeze, rF+}
   (You found it on level 6 of the Dungeon)

   It has been specially enchanted to freeze those struck by it, causing extra
   injury to most foes and up to half again as much damage against particularly
   susceptible opponents.
   It can also slow down cold-blooded creatures.
   It protects you from fire.
Missiles
 l - 15 boomerangs
 z - 5 curare-tipped darts
 A - 15 poisoned darts (quivered)
 M - 7 atropa-tipped darts
Armour
 c - a +0 shield (worn)
 D - a +0 cloak (worn)
 J - a +3 ring mail of cold resistance (worn)
Jewellery
 p - a ring of protection from cold (left hand)
 q - an amulet of the gourmand (around neck)
 s - an uncursed amulet of faith {unknown}
 v - an uncursed amulet of rage {unknown}
Wands
 b - a wand of paralysis (7)
 B - a wand of random effects (22)
 H - a wand of acid (6)
 K - a wand of digging (10)
 P - a wand of enslavement (7)
 R - a wand of iceblast (11)
Scrolls
 e - 2 scrolls of teleportation {unknown}
 g - 4 scrolls of enchant weapon {unknown}
 i - 2 scrolls of noise {unknown}
 j - 8 scrolls of remove curse
 k - 2 scrolls of fog {unknown}
 o - 11 scrolls of identify
 r - 3 scrolls of random uselessness {unknown}
 y - 2 scrolls of amnesia {unknown}
 E - 2 scrolls of enchant armour {unknown}
 F - 2 scrolls of blinking {unknown}
 G - 2 scrolls of immolation {unknown}
 L - a scroll of magic mapping {unknown}
 N - a scroll of fear {unknown}
Potions
 d - 2 potions of might
 h - 3 potions of heal wounds {unknown}
 m - 2 potions of agility
 n - a potion of brilliance {unknown}
 t - 2 potions of lignification {unknown}
 u - 3 potions of ambrosia {unknown}
 w - 3 potions of flight {unknown}
 x - 4 potions of degeneration {unknown}
 C - 2 potions of curing
 O - a potion of magic {unknown}
 Q - a potion of haste {unknown}
Comestibles
 f - 12 rations


   Skills:
 - Level 8.1 Fighting
 - Level 10.0 Axes
 - Level 7.0 Staves
 - Level 3.2 Armour
 * Level 4.0 Shields
 - Level 6.8 Invocations


You had 9 spell levels left.
You didn't know any spells.
Your spell library contained the following spells:

 Spells                   Type           Power        Failure   Level  Hunger
 Shroud of Golubria       Chrm/Tloc      #.....       97%         2    ###....
 Gell's Gravitas          Tloc           #.........   99%         3    ####...
 Lesser Beckoning         Tloc           #.........   99%         3    ####...
 Teleport Other           Tloc           #.......     99%         3    ####...
 Passage of Golubria      Tloc           N/A          100%        4    #####..
 Blink                    Tloc           Unusable     N/A         2    N/A

Dungeon Overview and Level Annotations

Branches:
Dungeon (9/15)             Temple (1/1) D:5
   Lair: D:8-11         Orc: D:9-12

Altars:
Ashenzari
Cheibriados
Dithmenos
Elyvilon
Fedhas
Gozag
Hepliaklqana
Kikubaaqudgha
Makhleb
Nemelex Xobeh
Okawaru
Qazlal
Ru
Sif Muna
Trog
Uskayaw
Vehumet
Wu Jian
Xom
Yredelemnul
Zin
The Shining One

Shops:
D:4 *[   D:8 %

Annotations:
D:6 2 runed translucent doors, PeMo's ghost, novice CeHu


Innate Abilities, Weirdness & Mutations

You cannot be hasted, slowed, berserked, paralysed or teleported.
You can dig through walls and to a lower floor.
Your four strong arms can wield two-handed weapons with a shield.
You have a pair of large antennae on your head. (SInv)


Message History

a +0 flail; a +0 ring mail
B - a wand of random effects (22) (gained 5 charges)
R - a wand of iceblast (11)
A cyclops comes into view.
A cyclops is nearby!
A cyclops is nearby!
The cyclops shouts!
The cyclops throws a large rock.
The large rock barely misses you.
The cyclops throws a large rock.
The large rock hits you!
An orc comes into view.
The orc shouts!
The cyclops throws a large rock.
The large rock hits you!!
* * * LOW HITPOINT WARNING * * *
The orc moves out of view.
You see here a large rock.
You are too injured to fight recklessly!
You are too injured to fight recklessly!
The cyclops throws a large rock.
The large rock hits you!!
You die...
Fedhas appreciates your contribution to the ecosystem.

...# ###............
...# #...#........o
...#####.#..........#
.........#.(....###.#
.......##...........#
.......##..#........#
....................#
.....####......(....#
.....###...#....@.C.#
(.....#...##........#
)[...............####
..##..†...#...#..#
.....##.)....##.##
#....#..........#
...............##
#.#............#
...............#


You could see a cyclops and an orc.

Vanquished Creatures
  A troll (D:8)
  Prince Ribbit (D:6)
  A hippogriff (D:6)
  3 yaks
  Eustachio (D:6)
  Grum (D:8)
  Menkaure (D:6)
  Edmund (D:6)
  2 ice beasts
  2 orc warriors (D:6)
  2 sky beasts
  4 phantoms
  A necrophage (D:5)
  3 ogres
  2 centaurs
  3 wolves (D:8)
  A bullfrog (D:8)
  4 scorpions
  A centaur zombie (D:9)
  5 crimson imps
  3 jellies (D:5)
  A quasit (D:8)
  A bullfrog zombie (D:7)
  3 orc wizards
  2 hounds (D:8)
  Crazy Yiuf (D:3)
  6 orc priests
  A centaur skeleton (D:5)
  3 iguanas
  Natasha (thrice) (D:2)
  6 worker ants
  A hound zombie (D:5)
  Robin (D:2)
  10 adders
  3 shadow imps
  2 oozes
  2 adder zombies
  An adder skeleton (D:4)
  A worm (D:6)
  A dart slug (D:2)
  7 leopard geckos
  36 orcs
  2 ball pythons
  5 giant cockroaches
  13 goblins
  11 hobgoblins
  2 jackals (D:3)
  3 quokkas
  7 bats
  2 frilled lizards
  A jackal zombie (D:6)
  14 kobolds
  A quokka skeleton (D:5)
  8 rats
204 creatures vanquished.

Vanquished Creatures (others)
  A bush (D:1)
1 creature vanquished.

Grand Total: 205 creatures vanquished

Notes
Turn   | Place    | Note
-------+----------+-------------------------------------------
     0 | D:1      | gruber the Formicid Fighter began the quest for the Orb.
     0 | D:1      | Reached XP level 1. HP: 18/18 MP: 1/1
    86 | D:1      | Reached XP level 2. HP: 17/24 MP: 2/2
   470 | D:1      | Reached XP level 3. HP: 29/29 MP: 3/3
   972 | D:2      | Reached XP level 4. HP: 33/35 MP: 4/4
  1041 | D:2      | Noticed Robin
  1111 | D:2      | Killed Robin
  1417 | D:2      | Noticed Natasha
  1425 | D:2      | Killed Natasha
  1425 | D:2      | Reached XP level 5. HP: 26/41 MP: 5/5
  1790 | D:2      | Noticed Natasha
  1797 | D:2      | Killed Natasha
  1797 | D:2      | Reached skill level 5 in Staves
  1850 | D:2      | Noticed Natasha
  1857 | D:2      | Killed Natasha
  2505 | D:3      | Reached XP level 6. HP: 37/47 MP: 6/6
  3164 | D:3      | Found a runed translucent door.
  3165 | D:3      | Noticed Crazy Yiuf
  3301 | D:3      | Killed Crazy Yiuf
  3483 | D:4      | Found an iron altar of Okawaru.
  4125 | D:4      | Reached XP level 7. HP: 30/52 MP: 7/7
  4573 | D:4      | Found Kiuliboe's General Store.
  4581 | D:4      | Bought a potion of curing for 36 gold pieces
  4600 | D:4      | Found Sops's Armour Shoppe.
  4874 | D:5      | Entered Level 5 of the Dungeon
  5058 | D:5      | Reached skill level 5 in Fighting
  5073 | D:5      | Found a white marble altar of Elyvilon.
  5210 | D:5      | Reached XP level 8. HP: 64/64 MP: 8/8
  5219 | D:5      | Found a staircase to the Ecumenical Temple.
  5228 | Temple   | Entered the Ecumenical Temple
  5399 | Temple   | Became a worshipper of Fedhas Madash
  5422 | D:5      | Reached skill level 1 in Invocations
  5720 | D:5      | Reached skill level 5 in Invocations
  5725 | D:5      | Found a shadowy altar of Dithmenos.
  6057 | D:6      | Got a shimmering war axe
  6130 | D:6      | Identified the +6 war axe of the Brain {freeze, rF+} (You
                  | found it on level 6 of the Dungeon)
  6149 | D:6      | Noticed Eustachio
  6161 | D:6      | Killed Eustachio
  6161 | D:6      | Reached skill level 2 in Axes
  6161 | D:6      | Reached XP level 9. HP: 60/69 MP: 14/14
  6188 | D:6      | Reached skill level 3 in Axes
  6200 | D:6      | Reached * piety under Fedhas
  6206 | D:6      | Found a shimmering altar of Xom.
  6299 | D:6      | Found a runed translucent door.
  6299 | D:6      | Noticed PeMo's ghost (novice CeHu)
  6317 | D:6      | Noticed Menkaure
  6483 | D:6      | Killed Menkaure
  6501 | D:6      | Noticed Edmund
  6514 | D:6      | Killed Edmund
  6514 | D:6      | Reached skill level 4 in Axes
  6533 | D:6      | Noticed Prince Ribbit
  6543 | D:6      | Killed Prince Ribbit
  6543 | D:6      | Reached skill level 5 in Axes
  6852 | D:6      | Reached skill level 6 in Axes
  6911 | D:6      | Found a runed translucent door.
  7111 | D:7      | Noticed a hippogriff
  7131 | D:6      | Killed a hippogriff
  7347 | D:7      | Reached skill level 7 in Axes
  7650 | D:7      | Reached skill level 8 in Axes
  7650 | D:7      | Reached XP level 10. HP: 62/76 MP: 15/15
  7778 | D:7      | Found a glowing silver altar of Zin.
  7849 | D:7      | Found an ancient bone altar of Kikubaaqudgha.
  8175 | D:8      | Found a bloodstained altar of Trog.
  8251 | D:8      | Found Ofutz's Food Boutique.
  8252 | D:8      | Noticed Grum
  8254 | D:8      | Reached skill level 9 in Axes
  8284 | D:8      | Killed Grum
  8287 | D:8      | Reached ** piety under Fedhas
  8694 | D:8      | Reached skill level 10 in Axes
  9619 | D:9      | Noticed a cyclops
  9624 | D:9      | Hit by a large rock thrown by a cyclops

Levels and vault maps discovered:
D:1:      nagdon_arrival_zigzag_paths, layout_rooms, lexackson_kobold_supper
D:2:      layout_basic, first_ration, uniq_robin, uniq_natasha
D:3:      layout_loops_corners, uniq_crazy_yiuf_cottage
D:4:      layout_basic, okawaru_gym_becter, serial_shops, shop_coins,
          kennysheep_mini_moat
D:5:      layout_rooms, grunt_dithmenos_shadows, elyvilon_altar_5,
          minmay_temple_entry_nine_rooms
D:6:      layout_rooms, ebering_ghost_sewer_f, tgw_xom, uniq_prince_ribbit1,
          uniq_edmund, uniq_menkaure, uniq_eustachio
D:7:      layout_cave_pools, kennysheep_little_box, kiku_gazebo_garden_becter
D:8:      layout_loops_ring, kennysheep_mini, serial_shops, shop_coins,
          uniq_grum
D:9:      layout_rooms, grunt_pizzeria
Temple:   regret_index_temple_sphere_string

Skill      XL: |  1  2  3  4  5  6  7  8  9 10 |
---------------+-------------------------------+-----
Staves         | 3 4 5 6 7 |  7.0
Fighting       | 6 8 |  8.1
Invocations    | 6 |  6.8
Axes           | 2 8 10 | 10.0
Shields        | 4 |  4.0
Armour         | |  3.2

Action                   |  1- 3 |  4- 6 |  7- 9 | 10-12 || total
-------------------------+-------+-------+-------+-------++-------
Melee: Quarterstaff      |   147 |   201 |   159 |       ||   507
       War axe           |       |       |    96 |   139 ||   235
Throw: Boomerang         |       |     1 |       |       ||     1
       Dart              |       |       |    30 |       ||    30
 Abil: Dig               |       |     1 |       |       ||     1
Evoke: Wand              |       |       |     1 |       ||     1
  Use: Scroll            |       |       |     2 |       ||     2
  Eat: Chunk             |     6 |    17 |    11 |     7 ||    41
Armor: Scale mail        |    38 |    66 |    69 |       ||   173
       Ring mail         |       |       |    20 |    48 ||    68
Dodge: Dodged            |    39 |    50 |    53 |    46 ||   188
Block: Shield            |    70 |    98 |   101 |    65 ||   334
